 Dungeon Crawl Stone Soup version 0.16-a0-3946-g4f19e5c (webtiles) character file.

29 Malachi the Sneak (level 3, 0/16 HPs)
             Began as a Vine Stalker Enchanter on Feb 9, 2015.
             Succumbed to an adder's poison
             ... on level 2 of the Dungeon.
             The game lasted 00:01:21 (812 turns).

Malachi the Sneak (Vine Stalker Enchanter)           Turns: 812, Time: 00:01:21

Health: 0/16       AC:  3    Str: 10    XL:     3   Next: 16%
Magic:  1/7        EV: 12    Int: 16    God:
Gold:   66         SH:  0    Dex: 14    Spells: 1 memorised, 5 levels left

rFire  . . .     SeeInvis .     a - +1 dagger
rCold  . . .     Clarity  .     b - +1 robe
rNeg   . . .     SustAb   .     (no shield)
rPois  .         Gourm    .     (no helmet)
rElec  .         Spirit   +     (no cloak)
rCorr  .         Warding  .     (no gloves)
rMut   .         Stasis   .     (no boots)
MR     .....                    (no amulet)
Stlth  +++.......               (no ring)
                                (no ring)

@: lethally poisoned (0 -> -3), not resistant to hostile enchantments, fairly
stealthy
A: fangs 2, regeneration 1, magic shield, antimagic bite, no device heal 3, rot
immunity
a: no special abilities


You were on level 2 of the Dungeon.
You were not hungry.

You visited 1 branch of the dungeon, and saw 2 of its levels.

You collected 66 gold pieces.

Inventory:

Hand weapons
 a - a +1 dagger (weapon)
 h - a +0 dagger of holy wrath
Armour
 b - a +1 robe (worn)
Jewellery
 j - an uncursed ring of protection from fire {unknown}
Scrolls
 e - 2 scrolls of identify {unknown}
 g - a scroll of immolation {unknown}
 i - a scroll of random uselessness {unknown}
 k - a scroll of amnesia {unknown}
 l - a scroll of remove curse {unknown}
Books
 c - a book of Maledictions

   Spells                             Type                      Level
   a - Corona                         Hexes                        1
   b - Sure Blade                     Hexes/Charms                 2
   c - Ensorcelled Hibernation        Hexes/Ice                    2
   d - Confuse                        Hexes                        3
   e - Dazzling Spray                 Conjuration/Hexes            3
   f - Enslavement                    Hexes                        4
Comestibles
 d - a bread ration


   Skills:
 + Level 0.1 Fighting
 + Level 1.0 Short Blades
 + Level 1.8 Dodging
 + Level 4.0 Stealth
 + Level 2.3 Spellcasting
 + Level 3.5 Hexes


You had 5 spell levels left.
You knew the following spells:

 Your Spells              Type           Power        Failure   Level  Hunger
a - Corona                Hex            ##.....      6%          1    #......


Dungeon Overview and Level Annotations

Branches:
Dungeon (2/15)

Altars:
Sif Muna


Innate Abilities, Weirdness & Mutations

You have extremely sharp teeth.
Your natural rate of healing is unusually fast.
When hurt, damage is shared between your health and your magic reserves.
Your bite disrupts and absorbs the magic of your enemies.
Potions and wands cannot restore your health.
You are immune to rotting.


Message History

You closely miss the adder.
The adder is severely wounded.
* * * LOW HITPOINT WARNING * * *
You feel sick. The adder misses you.
Drink which item? (? for menu, Esc to quit)
It was a potion of heal wounds.
That seemed strangely inert.
The adder bites you but does no damage.
You hit the adder.
You kill the adder!
You have reached level 3!
Your experience leads to an increase in your attributes!
Increase (S)trength, (I)ntelligence, or (D)exterity?
You feel clever.
* * * LOW HITPOINT WARNING * * *
You feel sick.
There is a lethal amount of poison in your body!
Unknown command.
* * * LOW HITPOINT WARNING * * *
You feel sick.
You die...

..# ..# ..#
###..## #.#...#
###.#...###
..#.......# #.
#.#.#...### #.
##.#@#...# #..
<.#.#...# #..
#.#.#...#
####..###.#.#...#
............#...#
###........##.##
#.#.......#.#
#....#......#
#.##.#.####.#


There were no monsters in sight!

Vanquished Creatures
  An adder (D:2)
  A giant gecko (D:1)
  2 bats (D:1)
  4 goblins (D:1)
  2 hobgoblins (D:1)
  4 giant newts (D:1)
  3 kobolds (D:1)
  A rat (D:1)
18 creatures vanquished.

Notes
Turn   | Place    | Note
--------------------------------------------------------------
     0 | D:1      | Malachi, the Vine Stalker Enchanter, began the quest for the Orb.
     0 | D:1      | Reached XP level 1. HP: 9/9 MP: 3/3
    22 | D:1      | Reached skill level 1 in Short Blades
   251 | D:1      | Reached XP level 2. HP: 13/13 MP: 5/5
   634 | D:1      | Reached skill level 4 in Stealth
   749 | D:2      | Found a deep blue altar of Sif Muna.
   809 | D:2      | Reached XP level 3. HP: 2/16 MP: 1/7
   812 | D:2      | Succumbed to an adder's poison

Action                   || total
-------------------------++-------
Melee: Dagger            ||    57
  Use: Potion            ||     1
 Stab: Sleeping          ||     2
